 Dungeon Crawl Stone Soup version 0.30-a0-986-g7f2e898f52 (webtiles) character file.

Game seed: 2590254918930532676

1055 Firecrotchwizard the Magician (level 8, -2/58 HPs)
             Began as a Djinni Conjurer on Apr 1, 2023.
             Slain by an orc wizard
             ... wielding a +0 dagger
              (3 damage)
             ... on level 6 of the Dungeon.
             The game lasted 00:12:38 (4577 turns).

Firecrotchwizard the Magician (Djinni Conjurer)     Turns: 4577, Time: 00:12:39

Health: -2/58      AC:  3    Str:  6    XL:     8   Next: 51%
Gold:   243        EV: 13    Int: 23    God:
                   SH:  0    Dex: 11

rFire   + + .      SeeInvis .    h - staff of air
rCold   x . .      Faith    .    (no shield)
rNeg    . . .      Spirit   .    a - +0 robe
rPois   ∞          Reflect  .    (no helmet)
rElec   +          Rampage  .    (no cloak)
rCorr   .                        C - +0 pair of gloves
Will    .....                    (boots unavailable)
Stlth   ++                       (no amulet)
HPRegen 0.29/turn                (no ring)
MPRegen 0.00/turn                (no ring)

@: flying, very slightly contaminated
A: sickness immunity, fire resistance 2, cold vulnerability 1, float, innate
caster, HP casting, extra vitality 1
a: no special abilities


You were on level 6 of the Dungeon.
You visited 1 branch of the dungeon, and saw 6 of its levels.

You collected 243 gold pieces.

Inventory:

Armour
 a - a +0 robe (worn)
 C - a +0 pair of gloves (worn)
Magical Staves
 d - a staff of fire
 h - a staff of air (weapon)
 x - a staff of earth
Jewellery
 E - an amulet of regeneration
Wands
 A - a wand of charming (10)
Scrolls
 b - 2 scrolls of fear {unknown}
 c - 5 scrolls of vulnerability {unknown}
 e - 4 scrolls of identify {unknown}
 g - a scroll of fog {unknown}
 i - 4 scrolls of enchant weapon {unknown}
 q - a scroll of poison {unknown}
 r - a scroll of amnesia {unknown}
 s - 2 scrolls of enchant armour {unknown}
 w - a scroll of teleportation {unknown}
 y - a scroll of magic mapping {unknown}
 B - 3 scrolls of blinking {unknown}
 D - a scroll of torment {unknown}
Potions
 f - a potion of flight {unknown}
 j - a potion of haste {unknown}
 k - 2 potions of attraction {unknown}
 l - 3 potions of curing {unknown}
 m - a potion of ambrosia {unknown}
 n - 6 potions of heal wounds {unknown}
 o - a potion of lignification {unknown}
 p - 4 potions of mutation {unknown}
 t - a potion of might {unknown}
 u - a potion of berserk rage {unknown}
 v - a potion of resistance {unknown}
 z - a potion of degeneration {unknown}


   Skills:
 * Level 4.1 Fighting
 + Level 4.0 Dodging
 + Level 3.1 Stealth
 * Level 6.3 Spellcasting


You knew the following spells:

 Your Spells              Type           Power      Damage    Failure   Level
a - Magic Dart            Conj           100%       1d8       1%          1
b - Searing Ray           Conj           72%        2d7       1%          2
c - Dazzling Flash        Conj/Hex       72%        N/A       1%          3
d - Fulminant Prism       Conj/Hex       18%        3d10      6%          4
e - Shock                 Conj/Air       100%       1d9       1%          1
f - Wereblood             Tmut           36%        N/A       1%          2
g - Kindle Blastsparks    Fire/Tloc/Air  100%       2d18      1%          3
x - Iskenderun's Mystic   Conj/Tloc      36%        2d9       6%          4
Your spell library was empty.

Dungeon Overview and Level Annotations

Branches:
Dungeon (6/15)
 Temple: D:4-7

Altars:
Cheibriados
Dithmenos
Hepliaklqana
Okawaru


Innate Abilities, Weirdness & Mutations

You are immune to sickness and miasma.
You are immune to poison.
Your flesh is very heat resistant. (rF++)
You are vulnerable to cold. (rC-)
You float through the air rather than walking.
You learn spells naturally, not from books.
Your magical power is your life essence.
You have superior vitality. (+4 MHP)


Message History

The troll is moderately wounded.
You hear a shout!
Casting: Fulminant Prism (dangerous; 6% risk of failure)
Confirm with . or Enter, or press ? or * to list all spells.
Aiming: Fulminant Prism (dangerous; 6% risk of failure)
Press: ? - help, Dir - move target You conjure a prism of explosive energy!
A fulminant prism comes into view.
An orc wizard comes into view. It is wielding a +0 dagger.
You take 4 damage, and have 19/58 hp.
Your fulminant prism crackles loudly.
Your fulminant prism explodes!
The blast of energy engulfs the troll!
The troll is severely wounded.
You hear an angry hiss.
You hear a shout! x2
Casting: Fulminant Prism (dangerous; 6% risk of failure)
Confirm with . or Enter, or press ? or * to list all spells.
Aiming: Fulminant Prism (dangerous; 6% risk of failure)
Press: ? - help, Dir - move target You miscast Fulminant Prism.
You are very lightly contaminated with residual magic.
Nothing appears to happen.
* * * LOW HITPOINT WARNING * * *
An adder comes into view.
You take 4 damage, and have 16/58 hp.
Aiming: Charm
Press: ? - help, Shift-Dir - straight line, f - troll
Aim: a troll (severely wounded, chance to affect: 49%)
The troll resists with some effort.
The troll bites you.
* * * LOW HITPOINT WARNING * * *
The troll claws you.
* * * LOW HITPOINT WARNING * * *
The troll claws you!
* * * LOW HITPOINT WARNING * * *
You take 15 damage, and have 1/58 hp.
MASSIVE DAMAGE!!
Okay, then.
You closely miss the troll.
The troll is heavily wounded.
The orc wizard hits you with a +0 dagger.
You die...

########...###...###.......
.....<....................
..##.....................
#........####..##..<.
#........#####..#.#.#
+...........###.#.#.###.#
#...........# #.........#
##+#........#####...##..#
##......S...T@o..........
####............####........
............###.# #...###..
...........*# #.# #...# #
....#+#)###...... ....# ...
#.# #.###.## ....# .. #.#
#.# #.# ....# ... ... ..#
...# .T# #.# #.# .. ##.#


You could see a troll, an orc wizard and an adder.

Vanquished Creatures
  A black bear (D:6)
  An orc warrior (D:6)
  An ice beast (D:5)
  2 phantoms (D:5)
  A jelly (D:6)
  4 orc priests
  A gnoll bouda (D:5)
  A sleepcap (D:6)
  3 iguanas
  3 orc wizards
  8 adders
  9 gnolls
  A worm (D:3)
  3 dart slugs
  17 orcs
  3 ball pythons
  9 endoplasms
  7 goblins
  6 hobgoblins
  5 jackals (D:2)
  5 quokkas
  6 bats
  3 frilled lizards
  8 kobolds
  5 rats
113 creatures vanquished.

Vanquished Creatures (others)
  An ufetubus (D:6)
  14 fulminant prisms
15 creatures vanquished.

Grand Total: 128 creatures vanquished

Notes
Turn   | Place    | Note
-------+----------+-------------------------------------------
     0 | D:1      | Firecrotchwizard the Djinni Conjurer began the quest for
                  | the Orb.
     0 | D:1      | Firecrotchwizard set off with the following spells
                  | memorised: Magic Dart, Searing Ray, Dazzling Flash,
                  | Fulminant Prism, Iskenderun's Mystic Blast.
     0 | D:1      | Reached XP level 1. HP: 15/15 MP: 0/0
   131 | D:1      | Found a faded altar of an unknown god.
   146 | D:1      | Reached XP level 2. HP: 18/21 MP: 0/0
   493 | D:1      | Reached XP level 3. HP: 25/25 MP: 0/0
   493 | D:1      | Learned a level 1 spell: Shock
   721 | D:1      | Reached skill level 4 in Spellcasting
  1252 | D:2      | Reached XP level 4. HP: 30/31 MP: 0/0
  1622 | D:3      | Reached XP level 5. HP: 32/35 MP: 0/0
  1622 | D:3      | Learned a level 2 spell: Wereblood
  1655 | D:3      | Reached skill level 5 in Spellcasting
  1905 | D:3      | Reached XP level 6. HP: 39/40 MP: 0/0
  1948 | D:3      | Found a hazy altar of Hepliaklqana.
  2804 | D:5      | Entered Level 5 of the Dungeon
  2810 | D:5      | Reached skill level 1 in Fighting
  3056 | D:5      | Reached XP level 7. HP: 40/49 MP: 0/0
  3056 | D:5      | Learned a level 3 spell: Kindle Blastsparks
  3109 | D:5      | Found an iron altar of Okawaru.
  3264 | D:5      | Found a shadowy altar of Dithmenos.
  3265 | D:5      | Found a snail-covered altar of Cheibriados.
  4109 | D:6      | Reached skill level 6 in Spellcasting
  4114 | D:6      | Reached XP level 8. HP: 31/56 MP: 0/0
  4265 | D:6      | Noticed a yak
  4281 | D:6      | HP: 2/58 [ufetubus (2)]
  4561 | D:6      | Noticed a troll
  4576 | D:6      | HP: 1/58 [troll (8)]
  4577 | D:6      | Slain by an orc wizard

Illustrated notes

Levels and vault maps discovered:
D:1:      dpeg_arrival_tiny_i, layout_loops_corners,
          shapermc_ecumenical_altar_mp_ritualfount
D:2:      layout_basic
D:3:      layout_basic, nicolae_hepliaklqana_hippocampus,
          minmay_misc_feat_enclosed
D:4:      layout_basic, grunt_temple_overflow_magic_moments,
          kennysheep_nondescript
D:5:      layout_basic, okawaru_ov_weapons_minmay,
          nicolae_overflow_two_pavilions
D:6:      minmay_cornered_nines, layout_basic, gammafunk_ghost_nasty_kobolds,
          kb_rosetta

Skill      XL: |  1  2  3  4  5  6  7  8 |
---------------+-------------------------+-----
Spellcasting   | 4 5 6 |  6.3
Fighting       | 2 3 4 |  4.1
Stealth        | 2 3 |  3.1
Dodging        | 3 4 |  4.0

Action                     |  1- 3 |  4- 6 |  7- 9 || total
---------------------------+-------+-------+-------++-------
  Melee: Staff             |       |       |     1 ||     1
   Cast: Magic Dart        |    65 |    85 |    29 ||   179
         Searing Ray       |     3 |     4 |    15 ||    22
         Shock             |       |     5 |     7 ||    12
         Fulminant Prism   |       |     3 |    11 ||    14
  Evoke: Wand              |       |       |     3 ||     3
 Armour: Robe              |     1 |       |     7 ||     8
  Dodge: Dodged            |     5 |     5 |    30 ||    40

Table legend: (Time is in decaauts)
 A = Elapsed time spent in this place.
 B = Non-inter-level travel time spent in this place.
 C = Inter-level travel time spent in this place.
 D = Time resting spent in this place.
 E = Time spent auto-exploring this place.
 F = Levels seen in this place.
 G = Mean time per level.
                   A        B        C        D        E       F      G
               +--------+--------+--------+--------+--------+-----+--------+
         Total |   4576 |   4408 |    168 |    653 |   3185 |   6 |  762.7 |
       Dungeon |   4576 |   4408 |    168 |    653 |   3185 |   6 |  762.7 |
               +--------+--------+--------+--------+--------+-----+--------+

Top non-repeatable levels by time:
     D:5: 1436 daAuts
     D:1: 896 daAuts
     D:3: 861 daAuts
     D:4: 591 daAuts
     D:2: 454 daAuts
     D:6: 336 daAuts
